 Dungeon Crawl Stone Soup version 0.29-a0-837-g174bc33265 (webtiles) character file.

Game seed: 11318501713554439224

1137 PentaManta the Grappler (level 8, -7/63 HPs)
             Began as a Ghoul Abyssal Knight on July 13, 2022.
             Was a High Priest of Lugonu.
             Mangled by Grum
             ... wielding a -2 glaive
              (28 damage)
             ... on level 8 of the Dungeon.
             The game lasted 00:10:33 (4317 turns).

PentaManta the Grappler (Ghoul Abyssal Knight)      Turns: 4317, Time: 00:10:34

Health: -7/63      AC:  8    Str: 19    XL:     8   Next: 36%
Magic:  11/11      EV: 11    Int:  5    God:    Lugonu [*****.]
Gold:   228        SH:  0    Dex:  9    Spells: 7/7 levels left

rFire   . . .      SeeInvis .     - Unarmed
rCold   + . .      Faith    .   (no shield)
rNeg    + + +      Spirit   .   j - +0 chain mail
rPois   ∞          Reflect  .   (no helmet)
rElec   .          Harm     .   (no cloak)
rCorr   .          Rampage  .   (no gloves)
Will    .....                   (no boots)
Stlth   ..........              (no amulet)
HPRegen 0.00/turn               p - +4 ring of evasion
MPRegen 0.12/turn               m - +4 ring of slaying

@: inhibited regen
A: claws 1, cold resistance 1, negative energy resistance 3, inhibited
regeneration, torment resistance 2, devour on kill
a: Renounce Religion, Depart the Abyss, Bend Space, Banish, Corrupt, Enter the
Abyss


You were on level 8 of the Dungeon.
You worshipped Lugonu.
Lugonu was extremely pleased with you.
You visited 1 branch of the dungeon, and saw 6 of its levels.
You visited the Abyss 1 time.
You also visited: Sewer.

You collected 228 gold pieces.

Inventory:

Hand Weapons
 g - a +2 dagger of venom
Missiles
 c - 4 atropa-tipped darts
 e - 18 poisoned darts
 h - 3 boomerangs
 A - 4 silver javelins
Armour
 b - a +2 crystal plate armour
 j - a +0 chain mail (worn)
 z - a +0 scale mail
 B - a +1 buckler
Jewellery
 m - a +4 ring of slaying (right claw)
 o - a ring of fire
 p - a +4 ring of evasion (left claw)
Wands
 w - a wand of polymorph (14)
Scrolls
 d - a scroll of immolation
 n - 2 scrolls of teleportation
 y - a scroll of enchant weapon {unknown}
Potions
 a - 2 potions of degeneration {unknown}
 f - 4 potions of haste
 i - a potion of attraction {unknown}
 k - a potion of cancellation
 l - 3 potions of curing
 q - a potion of resistance {unknown}
 r - a potion of heal wounds {unknown}
 s - 2 potions of magic
 t - a potion of might {unknown}
 u - a potion of lignification {unknown}
 v - 2 potions of brilliance {unknown}
 x - 3 potions of invisibility {unknown}


   Skills:
 - Level 3.2 Fighting
 - Level 1.7 Armour
 - Level 0.8 Dodging
 - Level 9.0 Unarmed Combat
 + Level 6.3 Invocations


You had 7 spell levels left.
You didn't know any spells.
Your spell library contained the following spells:

 Spells                   Type           Power      Damage    Failure   Level
 Magic Dart               Conj           0%         1d3       100%        1
 Call Imp                 Summ           0%         N/A       100%        2
 Scorch                   Fire           0%         2d5       100%        2
 Mephitic Cloud           Conj/Pois/Air  0%         N/A       100%        3
 Animate Armour           Summ/Erth      0%         N/A       100%        4
 Flame Wave               Conj/Fire      0%         2d4       100%        4
 Iron Shot                Conj/Erth      0%         9d1       100%        6
 Summon Cactus Giant      Summ           0%         N/A       100%        6
 Blade Hands              Tmut           Unusable   N/A       N/A         5

Dungeon Overview and Level Annotations

Branches:
Dungeon (5/15)              Sewer (visited)
 Temple: D:4-7

Altars:
Sif Muna
Vehumet

Annotations:
D:8 Grum


Innate Abilities, Weirdness & Mutations

You are immune to poison.
You have sharp fingernails.
Your flesh is cold resistant. (rC+)
You are immune to negative energy. (rN+++)
You do not regenerate when monsters are visible.
You are immune to unholy pain and torment.
You thrive by killing the living.


Message History

Your Invocations skill increases to level 6!
You barely miss the wolf. The wolf bites you. Grum barely misses you.
You claw the wolf!
The wolf is severely wounded.
The wolf bites you but does no damage.
Okay, then.
You barely miss the wolf. Your claw misses the wolf.
The wolf is severely wounded.
The wolf bites you but does no damage.
A howler monkey comes into view.
Grum barely misses you. The wolf closely misses you.
The howler monkey howls!
You scratch the wolf.
The wolf is almost dead.
The wolf misses you.
Grum hits you from afar with a -2 glaive!
The wolf barely misses you. The wolf attacks as you move away!
The wolf bites you. The wolf misses you. The wolf bites you.
The howler monkey hoots and howls with incredible vigour!
You hear two shouts!
The wolf bites you!
* * * LOW HITPOINT WARNING * * *
The wolf bites you.
* * * LOW HITPOINT WARNING * * *
The wolf attacks as you move away! The wolf bites you.
* * * LOW HITPOINT WARNING * * *
The wolf bites you.
* * * LOW HITPOINT WARNING * * *
The wolf bites you but does no damage. The wolf closely misses you.
The wolf barely misses you.
The howler monkey hoots and howls with incredible vigour!
You feel better. The wolf bites you but does no damage.
Grum hits you from afar with a -2 glaive!
* * * LOW HITPOINT WARNING * * *
The wolf closely misses you.
You feel better. The wolf bites you but does no damage.
Grum hits you from afar with a -2 glaive!!
You die...

.#.. .# ### #.#.#.# #.# .
..####.##.##.#.###..#####
.. #.#...... .
#.#...#.#!...
.##.##.#.##.## #.
...........# ...
#........#.#.###.h........
.#
#.......#.........†....#
.# #.......#..###g....#
.####)..........@hh.#..#
....).......#.####.....#
.####.......#<#
#.#.#.....# ##
#..#.......# #.#.####>.. #
#.....###### #.#.# .#
#.#.#.##### #.#.####..#
#.#.#.....# ###..........
#.#.#####.# #............
#.#.# #.# #.########.##


You could see Grum, 2 wolves and a howler monkey.

Vanquished Creatures
  An ogre (D:4)
  A sky beast (D:8)
  A wolf (D:8)
  A kobold brigand (D:8)
  A necrophage (D:3)
  6 killer bees (D:8)
  A hound (D:4)
  An orc priest (D:3)
  4 orc wizards
  9 river rats (Sewer)
  9 adders
  4 gnolls (D:4)
  3 worms
  4 dart slugs
  14 orcs
  2 bats
  10 endoplasms
  4 giant cockroaches
  4 goblins
  7 hobgoblins
  18 kobolds
  7 quokkas
  6 ball pythons
  2 frilled lizards (D:2)
  30 rats
150 creatures vanquished.

Notes
Turn   | Place    | Note
-------+----------+-------------------------------------------
     0 | Abyss:1  | PentaManta the Ghoul Abyssal Knight began the quest for the
                  | Orb.
     0 | Abyss:1  | Reached XP level 1. HP: 19/19 MP: 1/1
    11 | D:1      | Escaped the Abyss
   490 | D:1      | Reached skill level 3 in Unarmed Combat
   490 | D:1      | Reached XP level 2. HP: 26/26 MP: 2/2
  1072 | D:2      | Reached XP level 3. HP: 31/31 MP: 3/3
  1153 | D:2      | Reached skill level 4 in Unarmed Combat
  1400 | D:2      | Reached XP level 4. HP: 38/38 MP: 4/4
  1451 | D:2      | Reached *** piety under Lugonu
  1579 | D:2      | Found a faded altar of an unknown god.
  1795 | D:3      | Noticed a necrophage
  1802 | D:3      | Killed a necrophage
  1803 | D:3      | Reached skill level 5 in Unarmed Combat
  1803 | D:3      | Reached XP level 5. HP: 45/45 MP: 5/5
  1903 | D:3      | Reached skill level 6 in Unarmed Combat
  1972 | D:3      | Found a radiant altar of Vehumet.
  2103 | D:3      | Reached XP level 6. HP: 36/51 MP: 6/6
  2516 | D:4      | Reached skill level 7 in Unarmed Combat
  2520 | D:4      | Reached **** piety under Lugonu
  2777 | D:4      | Found a glowing drain.
  2781 | Sewer    | Entered a sewer
  2919 | Sewer    | Reached skill level 8 in Unarmed Combat
  2922 | Sewer    | Reached XP level 7. HP: 55/57 MP: 7/7
  2925 | Sewer    | Reached ***** piety under Lugonu
  3012 | Sewer    | Identified a scroll of acquirement
  3012 | Sewer    | Acquired a +2 crystal plate armour
  3776 | D:5      | Entered Level 5 of the Dungeon
  3783 | D:5      | You fall into a shaft and drop 3 floors!
  3791 | D:8      | Found a shimmering blue altar of Sif Muna.
  3844 | D:8      | Reached skill level 9 in Unarmed Combat
  3980 | D:8      | Reached XP level 8. HP: 27/63 MP: 8/10
  3993 | D:8      | Reached skill level 5 in Invocations
  4301 | D:8      | Noticed Grum
  4317 | D:8      | Mangled by Grum

Illustrated notes

Levels and vault maps discovered:
D:1:      lemuel_arrival_hallway, layout_loops_ring, minmay_stone_trees_medium,
          minmay_stone_trees_small
D:2:      layout_loops_cross, ebering_ecumenical_altar_sacrificial,
          minmay_misc_feat_nine_boxes, palyth_stone_intersect
D:3:      layout_loops_ring, overflow_temple_1_default
D:4:      layout_basic, gup_sewer_entry_spiral, chequers_decorated_corner
D:5:      layout_rooms, serial_glass, glass_columns_b, glass_columns_a,
          minmay_strange_pillars, feat_on_display, due_unseen_surprise,
          item_on_display_a
D:8:      layout_loops_ring, lemuel_blue_sif_altar, st_stairs_5,
          uniq_prince_ribbit1, uniq_grum

Skill      XL: |  1  2  3  4  5  6  7  8 |
---------------+-------------------------+-----
Unarmed Combat | 3 4 5 6 8 9 |  9.0
Invocations    | 4 6 |  6.3
Fighting       | |  3.2
Armour         | |  1.7
Dodging        | |  0.8

Action                   |  1- 3 |  4- 6 |  7- 9 || total
-------------------------+-------+-------+-------++-------
Melee: Unarmed           |    64 |   176 |   117 ||   357
       Punch             |       |     6 |     3 ||     9
  Use: Scroll            |       |     4 |     8 ||    12
       Potion            |       |       |     2 ||     2
Armor: Leather armour    |     2 |       |       ||     2
       Ring mail         |    11 |    10 |       ||    21
       Scale mail        |       |    31 |    15 ||    46
       Chain mail        |       |       |    32 ||    32
Dodge: Dodged            |    30 |   100 |    79 ||   209

Table legend: (Time is in decaauts)
 A = Elapsed time spent in this place.
 B = Non-inter-level travel time spent in this place.
 C = Inter-level travel time spent in this place.
 D = Time resting spent in this place.
 E = Time spent auto-exploring this place.
 F = Levels seen in this place.
 G = Mean time per level.
                   A        B        C        D        E       F      G
               +--------+--------+--------+--------+--------+-----+--------+
         Total |   4321 |   4185 |    136 |      0 |   3048 |   8 |  540.1 |
       Dungeon |   3783 |   3647 |    136 |      0 |   2781 |   6 |  630.5 |
         Abyss |     11 |     11 |      0 |      0 |      0 |   1 |   11.0 |
         Sewer |    527 |    527 |      0 |      0 |    267 |   1 |  527.0 |
               +--------+--------+--------+--------+--------+-----+--------+

Top non-repeatable levels by time:
     D:1: 923 daAuts
     D:4: 881 daAuts
     D:2: 835 daAuts
     D:3: 611 daAuts
   Sewer: 527 daAuts
     D:8: 524 daAuts
 Abyss:1: 11 daAuts
     D:5: 6 daAuts
